Map: Ephemeron LE

Players

Quaterno

  • Race: Zerg Zerg
  • League: Master
  • Spawn Location: 11:00

RexRequired - Winner!

  • Race: Terran Terran
  • League: Master
  • Spawn Location: 5:00

VOD

Have the link to the VOD?

Description

Time

  • Played on: Oct. 1, 2019, 2:12 a.m.
  • Length: 36:52
Show
View Real Time Build Order
Export as new Build Order

Quaterno Zerg 

Build Orders: Hatch First, Brood Lord Corruptor 

Get SALT Encoding   

  12  0:01  Drone  
  13  0:13  Overlord  
  13  0:17  Drone  
  14  0:32  Drone x2  
  16  0:49  Hatchery  
  15  0:52  Drone  
  15  0:55  Drone  
  17  0:58  Drone  
  18  1:09  Extractor  
  17  1:15  Spawning Pool  
  17  1:18  Drone  
  17  1:20  Drone  
  18  1:28  Drone  
  19  1:39  Drone  
  20  1:47  Hatchery  
  20  1:50  Drone  
  20  2:01  Queen  
  20  2:03  Zergling x2  
  20  2:05  Zergling x2  
  24  2:14  Queen  
  26  2:21  Overlord  
  26  2:30  Metabolic Boost  
  26  2:35  Overlord  
  26  2:46  Drone x4  
  26  2:49  Drone  
  31  2:59  Drone x2  
  31  3:00  Drone  
  34  3:05  Pneumatized Carapace  
  34  3:07  Drone  
  34  3:09  Drone  
  34  3:11  Drone  
  37  3:14  Drone  
  37  3:16  Drone  
  39  3:21  Queen  
  41  3:27  Drone x2  
  43  3:36  Zergling x4  
  43  3:37  Zergling x6  
  48  3:41  Queen  
  50  3:56  Overlord  
  50  3:57  Overlord  
  50  3:58  Overlord  
  50  4:03  Queen  
  50  4:10  Overlord  
  50  4:14  Spore Crawler, Drone  
  50  4:15  Spore Crawler, Lair  
  50  4:16  Spore Crawler, Drone x3  
  51  4:17  Drone  
  51  4:23  Drone  
  53  4:25  Baneling Nest, Drone  
  53  4:27  Drone  
  53  4:30  Drone  
  55  4:31  Drone  
  55  4:33  Drone x2  
  55  4:36  Drone  
  59  4:41  Queen  
  59  4:44  Drone x2  
  59  4:45  Drone  
  64  4:48  Drone, Extractor  
  64  4:50  Extractor  
  64  4:51  Drone x2  
  65  4:54  Drone  
  65  4:55  Drone  
  67  5:04  Drone  
  67  5:05  Drone  
  69  5:07  Drone  
  69  5:08  Drone  
  69  5:09  Drone  
  69  5:10  Drone  
  69  5:11  Drone x3  
  69  5:12  Drone x2  
  78  5:14  Extractor  
  78  5:16  Extractor  
  78  5:19  Queen  
  78  5:21  Overlord  
  78  5:25  Drone  
  77  5:31  Drone x3  
  77  5:32  Drone  
  77  5:34  Drone  
  81  5:39  Drone x3  
  81  5:41  Drone  
  85  5:47  Drone  
  84  6:11  Hatchery  
  83  6:13  Drone  
  83  6:17  Hatchery  
  84  6:18  Zergling x12  
  84  6:23  Centrifical Hooks, Hydralisk Den  
  88  6:28  Drone  
  88  6:29  Overlord, Evolution Chamber  
  88  6:30  Overlord x2, Evolution Chamber  
  88  6:31  Overlord  
  87  6:33  Baneling x11  
  87  6:43  Overlord  
  87  6:44  Overlord  
  87  6:45  Overlord  
  87  6:54  Muscular Augments  
  87  6:55  Zergling x14  
  87  6:58  Zerg Ground Armor Level 1, Zerg Melee Weapons Level 1  
  87  7:00  Queen  
  96  7:08  Hydralisk x5  
  96  7:11  Overseer  
  95  7:30  Zergling x2  
  95  7:31  Zergling x22  
  95  7:33  Queen  
  109  7:37  Overseer  
  109  7:40  Overseer  
  109  7:44  Hydralisk x6  
  109  7:49  Drone  
  109  7:50  Drone x2  
  120  8:05  Zergling x16  
  127  8:06  Grooved Spines  
  127  8:07  Baneling  
  127  8:08  Baneling x11  
  127  8:12  Zergling x12  
  128  8:23  Hydralisk x6  
  128  8:24  Hydralisk  
  128  8:25  Drone x2  
  128  8:26  Drone  
  145  8:30  Infestation Pit, Extractor  
  139  8:46  Drone x8  
  139  8:47  Overlord x3  
  147  8:55  Zergling x12  
  148  9:01  Hatchery  
  152  9:03  Zergling x10  
  152  9:04  Overlord x2  
  152  9:05  Overlord  
  155  9:29  Overlord x3  
  155  9:30  Zergling x36  
  166  9:40  Drone x4  
  166  9:43  Zerg Ground Armor Level 2  
  166  9:44  Zerg Melee Weapons Level 2  
  170  9:49  Spire  
  169  9:56  Baneling x7  
  169  9:58  Baneling  
  169  9:59  Baneling x12  
  169  10:02  Hive  
  169  10:03  Drone  
  169  10:04  Drone  
  166  10:30  Drone  
  166  10:31  Drone x7  
  166  10:32  Spore Crawler  
  166  10:33  Drone x6  
  177  10:54  Zergling x6  
  177  10:55  Zergling x36  
  153  11:13  Hydralisk x5, Baneling x11  
  153  11:14  Zergling x10  
  166  11:27  Adrenal Glands, Greater Spire  
  166  11:29  Drone  
  166  11:30  Drone x3  
  170  11:34  Zergling x16  
  172  11:51  Zergling x2  
  172  11:52  Zergling x18, Corruptor  
  172  11:53  Corruptor  
  178  12:06  Baneling x5  
  178  12:07  Zerg Melee Weapons Level 3, Zerg Ground Armor Level 3  
  178  12:13  Extractor x2  
  176  12:25  Baneling x9  
  176  12:34  Corruptor x5  
  186  12:51  Spore Crawler  
  185  12:56  Brood Lord  
  185  12:57  Brood Lord, Spore Crawler  
  188  12:59  Spore Crawler  
  154  13:16  Drone x4  
  154  13:17  Drone x2  
  156  13:21  Brood Lord x3  
  156  13:22  Brood Lord  
  164  13:29  Drone x4  
  164  13:30  Corruptor x2, Drone x3  
  175  13:34  Extractor  
  175  13:35  Extractor  
  173  13:53  Brood Lord  
  173  13:54  Corruptor x3  
  176  13:59  Hatchery  
  167  14:14  Zergling x32  
  173  14:18  Zergling x2  
  173  14:19  Hydralisk x4, Zergling x20  
  192  14:31  Zerg Flyer Weapons Level 1  
  192  14:32  Pathogen Glands  
  192  14:33  Overlord x2  
  192  14:34  Spire  
  192  14:35  Brood Lord  
  192  14:36  Brood Lord  
  195  14:40  Baneling x6  
  195  15:06  Baneling x8  
  195  15:22  Corruptor x2  
  193  15:53  Overseer  
  185  15:59  Zergling x6  
  185  16:00  Zergling x22  
  185  16:03  Baneling x10  
  196  16:15  Zergling x16  
  199  16:21  Zerg Flyer Armor Level 1  
  199  16:36  Overlord x2  
  197  16:49  Baneling x11  
  197  17:00  Hydralisk  
  197  17:01  Hydralisk x7  
  177  17:02  Hydralisk, Zergling x2  
  177  17:03  Zergling x30  
  185  17:11  Corruptor x5  
  185  17:12  Corruptor x2  
  178  17:26  Corruptor x6  
  178  17:29  Hydralisk, Zergling x2  
  188  17:30  Hydralisk x4, Zergling x4  
  199  17:49  Zerg Flyer Weapons Level 2  
  199  17:50  Neural Parasite  
  199  17:55  Extractor  
  199  17:57  Extractor  
  197  18:07  Baneling x7  
  197  18:08  Baneling x9  
  197  18:14  Baneling x11  
  197  18:34  Brood Lord  
  199  18:44  Zergling x2  
  200  18:51  Zerg Flyer Armor Level 2  
  200  19:09  Hatchery  
  197  19:20  Hatchery  
  188  19:40  Hydralisk x2, Zergling x8  
  188  19:41  Hydralisk, Zergling x12  
  192  20:08  Zergling x10  
  182  20:35  Hydralisk x5  
  181  20:38  Brood Lord x3  
  194  20:51  Overlord  
  194  20:52  Overlord x6  
  189  20:58  Zerg Flyer Weapons Level 3  
  189  21:02  Overlord x3  
  189  21:03  Overlord, Overseer  
  189  21:04  Overseer x2  
  186  21:37  Infestor x6  
  186  21:38  Spore Crawler  
  197  21:40  Spore Crawler  
  197  21:41  Spore Crawler  
  197  21:42  Spore Crawler x3  
  197  21:46  Overseer  
  192  21:56  Drone x5  
  197  22:12  Spore Crawler  
  197  22:15  Spore Crawler  
  195  22:36  Spore Crawler  
  194  22:38  Spore Crawler  
  188  23:32  Overseer x6  
  187  23:53  Corruptor  
  187  23:54  Corruptor x6  
  191  24:25  Spore Crawler x3  
  191  24:27  Spore Crawler x2, Drone x12  
  191  24:29  Spore Crawler, Corruptor  
  191  24:30  Spore Crawler  
  191  24:31  Spine Crawler x2  
  196  24:32  Hatchery  
  196  24:33  Spine Crawler  
  196  24:37  Spore Crawler  
  195  24:40  Spore Crawler  
  195  24:41  Spore Crawler  
  169  25:30  Zerg Missile Weapons Level 1  
  161  25:37  Hydralisk x2, Zergling x36  
  161  25:38  Hydralisk  
  161  25:42  Zerg Flyer Armor Level 3  
  180  26:10  Brood Lord x4  
  168  26:36  Zergling x30  
  155  26:46  Brood Lord, Infestor x4  
  155  26:47  Infestor  
  159  26:48  Queen x5  
  159  26:50  Corruptor x8  
  171  27:13  Corruptor x9  
  189  27:20  Overseer x8  
  189  27:25  Zerg Missile Weapons Level 2  
  189  27:43  Hydralisk x6  
  190  27:44  Zergling x12  
  196  28:06  Extractor  
  196  28:07  Extractor  
  181  28:37  Baneling Nest  
  180  28:45  Hydralisk x6  
  192  29:04  Brood Lord  
  192  29:05  Brood Lord x3  
  183  29:43  Zergling x42  
  189  29:58  Zergling x14  
  194  30:46  Viper  
  194  30:47  Viper x2  
  178  31:52  Zergling x42  
  157  32:20  Hydralisk x6  
  157  32:21  Hydralisk  
  171  32:31  Overseer  
  171  32:34  Infestor x11  
  193  33:02  Command Center  
  193  33:28  Infestor x3  
  179  33:53  Zergling x36  
  181  34:04  Zergling x2  
  162  34:45  Corruptor  
  162  34:46  Infestor x4  
  170  34:59  Overseer  
  166  35:08  Overlord  
  166  35:09  Overlord x4  
  164  35:27  Overseer  
  162  35:31  Baneling x10  
  162  35:44  Corruptor x8  
  162  35:45  Corruptor  
  139  36:25  Zergling x2  
  139  36:26  Zergling x8  
  139  36:27  Zergling x28  
Show
View Real Time Build Order
Export as new Build Order

RexRequired Terran - Winner!

Build Orders: Liberator Opening, Reaper Expand 

Get SALT Encoding   

  12  0:01  SCV  
  13  0:13  SCV  
  14  0:17  Supply Depot  
  14  0:25  SCV  
  15  0:39  SCV  
  15  0:41  Barracks  
  16  0:44  Refinery  
  16  0:51  SCV  
  17  1:03  SCV  
  18  1:15  SCV  
  19  1:27  Reaper  
  19  1:28  Orbital Command  
  20  1:40  Command Center  
  20  1:52  Supply Depot  
  20  1:55  SCV  
  20  1:59  Marine  
  22  2:07  SCV  
  23  2:10  Factory  
  23  2:15  Refinery  
  23  2:19  SCV  
  23  2:20  Barracks Reactor  
  24  2:32  SCV  
  25  2:44  SCV  
  26  2:53  Orbital Command  
  26  2:56  SCV, Starport  
  27  3:02  Barracks Tech Lab  
  27  3:04  Hellion x2  
  31  3:08  SCV  
  31  3:11  Supply Depot  
  32  3:19  SCV  
  33  3:20  SCV  
  33  3:24  Liberator  
  33  3:25  Hellion x2  
  38  3:28  Stimpack  
  38  3:31  SCV  
  38  3:32  SCV  
  43  3:44  SCV x2  
  45  3:49  Hellion  
  45  3:50  Hellion  
  45  3:52  Supply Depot  
  49  3:56  SCV  
  50  4:03  SCV  
  51  4:10  SCV  
  51  4:16  SCV  
  53  4:19  Supply Depot  
  53  4:20  Command Center  
  53  4:22  Factory Reactor  
  53  4:24  SCV  
  54  4:25  Starport Reactor  
  54  4:28  SCV  
  54  4:30  Barracks  
  55  4:32  Barracks  
  55  4:36  SCV  
  56  4:40  SCV  
  57  4:46  Engineering Bay x2  
  57  4:48  SCV  
  57  4:51  Refinery  
  57  4:52  SCV, Refinery  
  59  5:00  SCV  
  59  5:02  Widow Mine x2  
  59  5:03  Marine  
  59  5:04  SCV  
  66  5:12  SCV  
  67  5:16  Terran Infantry Armor Level 1, Terran Infantry Weapons Level 1  
  67  5:19  Marine x2  
  69  5:22  SCV  
  69  5:23  Starport Reactor  
  70  5:31  Marine x3, SCV, Supply Depot  
  70  5:32  Orbital Command  
  74  5:37  SCV  
  74  5:40  Marine x2  
  74  5:41  Combat Shield  
  77  5:43  SCV  
  77  5:46  Armory  
  77  5:49  Marine  
  79  5:51  Barracks x2, Marine, SCV  
  79  5:54  Marine  
  79  5:57  Marine  
  79  5:58  Marine  
  79  6:00  SCV  
  79  6:03  SCV  
  83  6:06  Medivac  
  83  6:07  Marine, Factory Tech Lab  
  83  6:08  Medivac  
  83  6:09  Marine  
  87  6:12  SCV  
  87  6:14  Marine, Orbital Command  
  89  6:23  Marine, Supply Depot  
  89  6:24  SCV  
  91  6:26  Supply Depot  
  91  6:27  Supply Depot  
  91  6:28  SCV  
  91  6:32  Marine  
  93  6:35  Drilling Claws  
  93  6:38  Factory  
  93  6:45  Marine x3, SCV x3  
  99  6:54  Marine x2  
  99  6:56  Barracks Reactor  
  99  6:57  SCV x3, Barracks Reactor  
  99  6:59  Supply Depot, Widow Mine  
  106  7:02  Marine, Medivac x2, Supply Depot  
  106  7:08  Marine x2, Refinery  
  113  7:09  SCV x3  
  113  7:12  Marine  
  117  7:20  Marine x2  
  117  7:21  SCV x2, Widow Mine  
  121  7:25  SCV  
  121  7:27  Marine  
  121  7:28  Marine  
  121  7:29  Widow Mine x2  
  120  7:30  Marine  
  120  7:33  SCV  
  120  7:34  Command Center, Supply Depot  
  120  7:35  Marine x3  
  120  7:36  Supply Depot  
  125  7:38  Marine  
  125  7:42  Marine x2, Widow Mine  
  130  7:45  Marine  
  130  7:46  Marauder  
  130  7:48  Concussive Shells  
  133  7:56  Medivac, Widow Mine  
  137  7:59  Marine x5  
  137  8:00  Marine  
  142  8:05  Barracks  
  142  8:06  Barracks  
  142  8:07  Barracks  
  142  8:08  Supply Depot  
  142  8:09  Supply Depot  
  142  8:11  Marine x2, Marauder  
  144  8:20  Marine  
  144  8:23  Widow Mine x2  
  149  8:28  Supply Depot  
  149  8:29  Medivac  
  149  8:30  Supply Depot, Widow Mine  
  149  8:33  Marauder  
  154  8:36  Marine  
  154  8:37  Marine x2  
  154  8:38  Marine  
  154  8:39  Marine  
  154  8:40  Terran Infantry Weapons Level 2  
  156  8:44  Terran Infantry Armor Level 2  
  156  8:49  Medivac  
  156  8:51  Widow Mine  
  156  8:54  Marauder  
  162  8:59  Medivac  
  162  9:01  Supply Depot  
  162  9:02  Supply Depot  
  164  9:06  Marine x2  
  164  9:07  Marine  
  164  9:08  Marine, Supply Depot  
  168  9:10  Supply Depot  
  168  9:13  Bunker  
  168  9:16  Marauder  
  170  9:23  Marine x4  
  173  9:29  Widow Mine x2  
  173  9:30  Widow Mine  
  179  9:34  SCV  
  179  9:37  Marauder  
  182  9:41  Marine x2  
  182  9:42  Marine x4  
  184  9:53  SCV x2  
  184  9:54  SCV, Barracks Tech Lab x2  
  184  9:58  Marauder  
  189  10:05  SCV x2  
  189  10:06  Marine, SCV  
  189  10:07  Marine, Barracks Tech Lab  
  193  10:08  Planetary Fortress  
  193  10:10  Refinery  
  193  10:11  Refinery  
  193  10:12  Command Center  
  193  10:13  Sensor Tower  
  194  10:18  Widow Mine x2  
  194  10:20  Marauder  
  166  10:57  Widow Mine x2  
  162  11:08  Liberator x2  
  157  11:11  Marine  
  157  11:12  Marine x5, Marauder x2  
  157  11:13  Marauder x2, Widow Mine  
  171  11:19  Widow Mine  
  171  11:24  Marine x2  
  173  11:25  Widow Mine  
  173  11:28  Terran Infantry Armor Level 3, Terran Infantry Weapons Level 3  
  173  11:29  Marine x2  
  173  11:31  Starport  
  181  11:33  Marauder x2  
  181  11:34  Command Center, Marauder  
  181  11:35  Fusion Core, Widow Mine  
  181  11:38  Command Center  
  187  11:40  Command Center  
  187  11:48  Sensor Tower, Refinery  
  187  11:49  Marine x2  
  187  11:50  Marauder  
  187  11:52  Widow Mine x2  
  195  11:55  Marauder  
  195  11:56  Widow Mine  
  199  12:05  Starport  
  199  12:06  Command Center, Starport  
  199  12:13  Starport, Refinery  
  199  12:14  SCV  
  200  12:21  Planetary Fortress  
  200  13:01  Liberator x2  
  166  13:14  Marine  
  166  13:15  Marine x9, Marauder x2  
  166  13:17  Starport Reactor x2, Starport Tech Lab  
  166  13:18  Starport Reactor  
  166  13:19  Widow Mine  
  189  13:20  Widow Mine x2  
  189  13:22  Orbital Command x2  
  189  13:28  Orbital Command  
  189  13:29  Refinery  
  189  13:32  Liberator  
  189  13:44  Liberator x2  
  184  14:20  Medivac x2  
  184  14:21  Marine x4, Marauder x2, Medivac  
  184  14:22  Marauder  
  200  14:42  Orbital Command  
  200  14:51  Missile Turret  
  200  14:53  Refinery  
  200  14:54  Missile Turret  
  190  15:41  Liberator x3  
  181  15:45  Marine x8, Marauder x2  
  178  15:59  Marauder x2  
  178  16:03  Marine  
  192  16:07  Marauder  
  184  16:39  Widow Mine x2  
  182  16:44  Viking x4  
  182  16:45  Viking x3  
  182  16:46  Advanced Ballistics  
  196  16:53  Refinery  
  196  16:56  Refinery  
  186  17:04  Marine x9, Marauder x3  
  186  17:05  Viking x2  
  174  17:24  Sensor Tower  
  174  17:25  Missile Turret  
  158  17:30  Liberator x3, Planetary Fortress  
  158  17:31  Liberator x3  
  158  17:35  Marine x9, Marauder x3  
  158  17:36  Widow Mine x3  
  186  17:47  Medivac x3  
  186  17:48  Missile Turret  
  186  17:49  Command Center  
  200  18:18  Ghost Academy  
  200  18:19  Ghost Academy  
  198  18:20  Ghost Academy  
  197  18:59  Command Center  
  186  19:54  Ghost x4  
  194  20:06  Barracks Tech Lab x2  
  184  20:17  Viking x3  
  184  20:18  Viking  
  191  20:22  Ghost x2  
  171  20:37  Ghost x2  
  171  20:38  Ghost x2  
  177  20:48  Marine x4  
  179  20:51  Marauder  
  179  20:52  Marauder  
  163  21:00  Terran Ship Weapons Level 1  
  163  21:06  Marine x4, Marauder x2  
  163  21:10  Orbital Command  
  171  21:11  Armory  
  171  21:21  Personal Cloaking, Enhanced Shockwaves  
  171  21:23  Nuke  
  164  21:27  Ghost Academy  
  164  21:28  Ghost Academy  
  160  21:34  Marine x7, Marauder x3  
  160  21:36  Widow Mine x3  
  179  21:52  Marine x4, Marauder x3  
  189  21:55  Marine, Marauder x2  
  189  21:58  Widow Mine x3  
  200  22:01  Starport x2  
  200  22:02  Starport  
  198  22:09  Marine  
  198  22:10  Marine  
  197  22:31  Nuke x2  
  197  22:35  Terran Vehicle And Ship Armor Level 1  
  194  22:39  Nuke  
  192  22:47  Nuke  
  192  23:07  Viking x4  
  192  23:08  Starport Reactor x2  
  198  23:27  Planetary Fortress  
  196  23:35  Command Center  
  196  23:38  Nuke x2  
  176  24:10  Medivac x2  
  176  24:11  Ghost x3  
  176  24:15  Nuke x2  
  179  24:30  Nuke x2  
  179  24:32  Ghost Academy  
  179  24:35  Ghost Academy  
  179  24:42  Viking x3  
  179  24:43  Viking x2  
  175  25:10  Ghost x5  
  180  25:22  Missile Turret  
  162  25:29  Marine, Viking x2  
  162  25:30  Marine x3, Marauder  
  162  25:32  Medivac x3  
  162  25:34  Widow Mine x2  
  162  25:35  Widow Mine  
  180  25:39  Marine x3, Marauder x2  
  187  25:44  Nuke  
  187  25:45  Nuke x4  
  187  25:52  Liberator x2  
  187  26:05  Refinery  
  187  26:07  Refinery, Missile Turret  
  187  26:10  Sensor Tower  
  150  26:45  Viking x6  
  152  26:47  Marine  
  152  26:48  Marine x5, Marauder x3  
  152  26:49  Marauder, Widow Mine x2  
  167  27:05  Marine  
  167  27:06  Marauder x2  
  158  27:11  Marine x4, Marauder x3  
  158  27:12  Starport Tech Lab  
  158  27:14  Liberator x5  
  162  27:23  Marine  
  162  27:27  Marine x2  
  162  27:28  Marine  
  162  27:29  Marine x3  
  168  27:32  Viking x8  
  199  27:39  Orbital Command  
  197  28:01  Refinery  
  197  28:03  Refinery  
  197  28:54  Sensor Tower, Terran Vehicle And Ship Armor Level 2, Terran Ship Weapons Level 2  
  197  28:55  Nuke  
  196  29:13  Missile Turret x3  
  185  29:41  Marine x2, Marauder  
  185  29:42  Marine x5, Marauder x2  
  182  29:59  Marine x4  
  184  30:00  Marauder x3  
  184  30:02  Marine x3  
  195  30:17  Marine x4  
  195  30:21  Marauder x3  
  185  30:53  Marine x8, Marauder x2  
  177  31:05  Medivac x3  
  177  31:06  Widow Mine  
  177  31:07  Widow Mine x2  
  177  31:11  Marine x5  
  189  31:12  Marauder x3  
  198  31:26  Nuke  
  198  31:27  Nuke x4  
  198  31:28  Widow Mine  
  200  31:52  Medivac x2  
  197  32:01  Liberator x2  
  165  32:17  Marine  
  165  32:18  Marine x6, Marauder x3  
  165  32:22  Widow Mine x3  
  180  32:35  Marine x2  
  180  32:36  Marine x2, Marauder x3  
  190  32:38  Marine  
  190  32:39  Marine x2  
  190  32:43  Widow Mine x3  
  199  32:52  Nuke x3  
  199  32:53  Marine  
  179  33:27  Viking x8  
  181  33:59  Viking x3  
  183  35:06  Viking  
  185  35:07  Viking x7  
  195  35:24  Ghost x3  
  139  36:19  Marine  
  139  36:20  Marine x7, Marauder x2  
Tags
 
Add a new tag
Caveats
  • Supply blocks, unpowered buildings, or Contaminate may cause inaccurate times.
  • Supply counts are checked every 10 seconds.